 Dungeon Crawl Stone Soup version 0.24-a0-365-ga4d96b6e6e (webtiles) character file.

Game seed: 4863684831476733198

4739 JellyEater the Geomancer (level 10, -9/59 HPs)
             Began as a Gargoyle Earth Elementalist on May 27, 2019.
             Was an Initiate of Vehumet.
             Mangled by Erolcha
             ... wielding a +0 giant club
              (21 damage)
             ... while paralysed by Erolcha
             ... on level 9 of the Dungeon.
             The game lasted 00:34:41 (10305 turns).

JellyEater the Geomancer (GrEE)                    Turns: 10305, Time: 00:34:42

Health: -9/59      AC: 12    Str: 15    XL:     10   Next: 46%
Magic:  7/19       EV:  2    Int: 18    God:    Vehumet [......]
Gold:   402        SH:  0    Dex: 10    Spells: 12/21 levels left

rFire    . . .     SeeInvis +   A - +2 flail (drain)
rCold    . . .     Gourm    .   (no shield)
rNeg     + . .     Faith    .   c - +0 robe
rPois    ∞         Spirit   .   i - +0 helmet
rElec    +         Reflect  .   E - scarf {cloud immunity}
rCorr    .         Harm     .   r - +0 pair of gloves
MR       .....                  (no boots)
Stlth    ++........             n - amulet of the acrobat
HPRegen  0.19/turn              h - ring of see invisible
MPRegen  0.16/turn              y - +2 ring of strength

@: paralysed, very slightly contaminated, invisible
A: negative energy resistance 1, electricity resistance, unbreathing,
petrification resistance, rot immunity, AC +7
a: Renounce Religion


You were on level 9 of the Dungeon.
You worshipped Vehumet.
Vehumet was noncommittal.
You were hungry.

You visited 2 branches of the dungeon, and saw 10 of its levels.

You collected 402 gold pieces.

Inventory:

Hand Weapons
 e - a +0 short sword
 s - a +0 flail
 v - a +0 dire flail
 A - a +2 flail of draining (weapon)
Missiles
 b - 60 stones (quivered)
 f - 16 poisoned darts
 D - a throwing net
Armour
 c - a +0 robe (worn)
 i - a +0 helmet (worn)
 r - a +0 pair of gloves (worn)
 E - a scarf of cloud immunity (worn)
Jewellery
 h - a ring of see invisible (left hand)
 n - an amulet of the acrobat (around neck)
 q - an uncursed ring of protection from cold
 x - an uncursed ring of protection from magic
 y - a +2 ring of strength (right hand)
Scrolls
 a - a scroll of remove curse
 g - 2 scrolls of amnesia
 p - a scroll of immolation
 z - 2 scrolls of magic mapping
 B - 3 scrolls of fog
Potions
 k - 2 potions of heal wounds
 m - 5 potions of curing
 o - 2 potions of flight
 u - a potion of lignification
 w - a potion of berserk rage
 F - a potion of haste
Comestibles
 d - 20 rations


   Skills:
 + Level 5.0 Fighting
 + Level 4.5 Maces & Flails
 + Level 5.0 Armour
 + Level 4.3 Dodging
 - Level 2.1 Stealth
 + Level 6.3 Spellcasting
 + Level 6.7 Conjurations
   Level 0.7 Transmutations
 + Level 8.8 Earth Magic
   Level 1.5 Evocations


You had 12 spell levels left.
You knew the following spells:

 Your Spells              Type           Power        Failure   Level  Hunger
a - Sandblast             Erth           #####.       1%          1    None
b - Stone Arrow           Conj/Erth      ####..       1%          3    ##.....
c - Lee's Rapid Deconstr  Erth           #####.....   9%          5    #####..

Your spell library contained the following spells:

 Spells                   Type           Power        Failure   Level  Hunger
 Passwall                 Tmut/Erth      ###.....     2%          2    None
 Dazzling Spray           Conj/Hex       ###...       9%          3    ##.....
 Corona                   Hex            #......      12%         1    None
 Petrify                  Tmut/Erth      ###.....     16%         4    ####...
 Ensorcelled Hibernation  Hex/Ice        #.....       17%         2    None
 Confuse                  Hex            #.......     34%         3    ##.....
 Tukima's Dance           Hex            #.......     34%         3    ##.....


Dungeon Overview and Level Annotations

Branches:
Dungeon (9/15)             Temple (1/1) D:4            Lair (0/6) D:8
    Orc: D:9-12

Altars:
Ashenzari
Cheibriados
Dithmenos
Elyvilon
Fedhas
Gozag
Hepliaklqana
Kikubaaqudgha
Makhleb
Nemelex Xobeh
Okawaru
Qazlal
Ru
Sif Muna
Trog
Uskayaw
Vehumet
Wu Jian
Xom
Yredelemnul
Zin
The Shining One

Shops:
D:7 :

Annotations:
D:9 Erolcha


Innate Abilities, Weirdness & Mutations

You are resistant to torment.
Your stone body is resilient. (AC +7)
You are immune to poison.
You resist negative energy. (rN+)
You are resistant to electric shocks. (rElec)
You can survive without breathing.
You are immune to petrification.
You are immune to rotting.


Message History

Erolcha drinks a potion.
Erolcha is healed!
Erolcha hits you with a +0 giant club!
Casting: Sandblast (safe; 1% risk of failure)
Confirm with . or Enter, or press ? or * to list all spells.
Aiming: Sandblast (safe; 1% risk of failure)
Press: ? - help, Shift-Dir - straight line, f/p - Erolcha
Aim: Erolcha, wielding a +0 giant club, wearing a +2 robe of resistance and carrying a wand of paralysis (6) (fast)
The blast of sand misses Erolcha.
b - 60 stones The orc wizard gestures at you while chanting.
The magic dart hits Erolcha.
Erolcha zaps a wand.
You suddenly lose the ability to move!
Erolcha hits you but does no damage. Erolcha hits you with a +0 giant club!!
* * * LOW HITPOINT WARNING * * *
Erolcha hits you but does no damage. Erolcha barely misses you.
Erolcha growls.
Erolcha hits you with a +0 giant club!!
You die...

#########
.......# #
#.....#
##.#.....#
.........#
#.......########
#####..........#
#@########.# #O#
##.##### #o#
#<.....#


oo. #..###.# ..... #......# ....... #...#..# .........###......#
+.........+.......## #.........####....# You could see Erolcha, an orc wizard
and 2 orcs.

Vanquished Creatures
  A troll (D:6)
  Grinder (D:6)
  Sigmund (D:6)
  A hungry ghost (D:9)
  Menkaure (D:4)
  A black bear (D:7)
  4 orc warriors
  2 phantoms
  3 ice beasts
  4 ogres
  2 necrophages
  3 centaurs
  2 big kobolds
  8 bullfrogs
  2 scorpions
  3 wights (D:7)
  2 howler monkeys
  3 crimson imps
  A bullfrog skeleton (D:8)
  6 orc priests
  4 hounds
  3 jellies
  7 orc wizards
  Terence (D:3)
  Jessica (D:3)
  A centaur skeleton (D:5)
  3 iguanas
  5 worker ants
  A worker ant zombie (D:5)
  Robin (D:2)
  5 gnolls
  9 adders
  A howler monkey skeleton (D:6)
  A shadow imp (D:8)
  An adder skeleton (D:4)
  2 worms
  3 dart slugs (D:3)
  3 leopard geckos
  29 orcs
  6 giant cockroaches
  11 goblins
  11 hobgoblins
  15 jackals
  4 quokkas
  5 bats
  5 frilled lizards
  15 kobolds
  A leopard gecko skeleton (D:5)
  A quokka skeleton (D:6)
  6 rats
212 creatures vanquished.

Vanquished Creatures (others)
  A jackal (D:9)
1 creature vanquished.

Grand Total: 213 creatures vanquished

Notes
Turn   | Place    | Note
-------+----------+-------------------------------------------
     0 | D:1      | JellyEater the Gargoyle Earth Elementalist began the quest
                  | for the Orb.
     0 | D:1      | Reached XP level 1. HP: 10/10 MP: 3/3
   499 | D:1      | Reached XP level 2. HP: 13/15 MP: 5/5
   502 | D:1      | Reached skill level 4 in Earth Magic
   896 | D:1      | Reached XP level 3. HP: 15/19 MP: 6/6
   901 | D:1      | Learned a level 3 spell: Stone Arrow
  1223 | D:2      | Noticed Robin
  1252 | D:2      | Killed Robin
  1448 | D:2      | Reached skill level 1 in Conjurations
  1611 | D:2      | Reached XP level 4. HP: 24/24 MP: 6/8
  2359 | D:3      | Noticed Terence
  2360 | D:3      | Found a faded altar of an unknown god.
  2388 | D:3      | Killed Terence
  2510 | D:3      | Reached skill level 5 in Earth Magic
  2734 | D:3      | Reached XP level 5. HP: 28/28 MP: 7/9
  2744 | D:3      | Learned a level 5 spell: Lee's Rapid Deconstruction
  2829 | D:3      | Noticed Jessica
  2846 | D:3      | Killed Jessica
  3184 | D:3      | Found a deep blue altar of Sif Muna.
  3618 | D:4      | Noticed Menkaure
  3622 | D:4      | Killed Menkaure
  3622 | D:4      | Reached XP level 6. HP: 32/32 MP: 4/12
  3723 | D:4      | Reached skill level 6 in Earth Magic
  4206 | D:4      | Noticed a phantom
  4207 | D:4      | Found a staircase to the Ecumenical Temple.
  4220 | Temple   | Entered the Ecumenical Temple
  4365 | D:4      | Reached XP level 7. HP: 17/36 MP: 1/13
  4785 | D:5      | Entered Level 5 of the Dungeon
  5027 | D:5      | Reached skill level 1 in Fighting
  5027 | D:5      | Reached skill level 1 in Armour
  5041 | D:5      | Reached skill level 1 in Maces & Flails
  5236 | D:5      | Reached XP level 8. HP: 41/43 MP: 4/15
  5525 | D:5      | Found an ornate altar of the Wu Jian Council.
  5537 | D:5      | Reached skill level 7 in Earth Magic
  5936 | D:6      | Reached skill level 5 in Spellcasting
  5977 | D:6      | Noticed Grinder
  6007 | D:6      | Killed Grinder
  6007 | D:6      | Reached skill level 5 in Conjurations
  6082 | D:6      | Noticed Sigmund
  6085 | D:6      | Noticed a troll
  6093 | D:6      | Killed Sigmund
  6093 | D:6      | Reached XP level 9. HP: 34/50 MP: 5/17
  6098 | D:6      | Killed a troll
  7094 | D:6      | Found a stormy altar of Qazlal.
  7094 | D:6      | Found an opulent altar of Gozag.
  7365 | D:6      | Found a bloodstained altar of Trog.
  7365 | D:6      | Found an iron altar of Okawaru.
  7543 | D:7      | Found a blossoming altar of Fedhas.
  7564 | D:7      | Reached skill level 8 in Earth Magic
  7662 | D:7      | Found Dinelyofei's Book Emporium.
  8282 | D:7      | Reached XP level 10. HP: 58/58 MP: 15/19
  8498 | D:7      | Reached skill level 1 in Evocations
  9171 | D:8      | Found a radiant altar of Vehumet.
  9171 | D:8      | Found a snail-covered altar of Cheibriados.
  9172 | D:8      | Found a hazy altar of Hepliaklqana.
  9180 | D:8      | Became a worshipper of Vehumet
  9365 | D:8      | Found a staircase to the Lair.
  9967 | D:9      | Reached skill level 5 in Armour
  9986 | D:9      | Noticed a cyclops
 10002 | D:9      | Reached skill level 5 in Fighting
 10047 | D:9      | Noticed a seven-headed hydra
 10294 | D:9      | Noticed Erolcha
 10301 | D:9      | Paralysed by Erolcha for 7 turns
 10305 | D:9      | Mangled by Erolcha

Levels and vault maps discovered:
D:1:      nzn_arrival_water_spiral, layout_basic, corner_web_ring,
          chequers_serial_rivers_micro_e, minmay_misc_feat_enclosed,
          serial_bayou_lake_a
D:2:      layout_basic, uniq_robin
D:3:      layout_basic, lemuel_doored_altar, serial_rivers,
          chequers_serial_rivers_marsh, chequers_serial_rivers_small_b,
          chequers_serial_rivers_micro_b, chequers_serial_rivers_marsh,
          chequers_serial_rivers_small_3,
          chequers_ecumenical_altar_simple_redux, uniq_terence, uniq_jessica
D:4:      layout_loops_corners, minmay_temple_entry_tees, first_ration,
          kennysheep_generic_room_8, uniq_menkaure
D:5:      layout_basic, nicolae_overflow_crystal_walls
D:6:      layout_cave_pools, grunt_temple_overflow_bloody_war,
          gammafunk_temple_overflow_statue, uniq_grinder, uniq_sigmund
D:7:      layout_rooms, serial_shops, nicolae_shop_competitors_out_of_business,
          fedhas_altar_1
D:8:      layout_basic, chequers_temple_overflow_statue_of_worship,
          lair_entry_dummy, grunt_ogre_cave
D:9:      layout_loops_corners, david_orc_1_choice, serial_shops, shop_scrolls,
          uniq_erolcha
Temple:   cyrus_circular_temple

Skill      XL: |  1  2  3  4  5  6  7  8  9 10 |
---------------+-------------------------------+-----
Earth Magic    | 4 5 6 7 8 |  8.8
Conjurations   | 1 2 3 4 5 6 |  6.7
Spellcasting   | 3 4 5 6 |  6.3
Fighting       | 1 3 4 5 |  5.0
Armour         | 1 3 4 5 |  5.0
Maces & Flails | 1 2 4 |  4.5
Dodging        | 2 3 4 |  4.3
Evocations     | 1 |  1.5
Stealth        | |  2.1
Transmutations | |  0.7

Action                   |  1- 3 |  4- 6 |  7- 9 | 10-12 || total
-------------------------+-------+-------+-------+-------++-------
Melee: Short sword       |    76 |   152 |   182 |       ||   410
       Unarmed           |     1 |       |       |       ||     1
       Dagger            |     2 |    61 |       |       ||    63
       Flail             |       |       |     9 |    85 ||    94
 Cast: Sandblast         |    23 |    53 |   108 |    19 ||   203
       Stone Arrow       |       |     3 |    19 |    11 ||    33
       Lee's Rapid Decon |       |       |    14 |     7 ||    21
Evoke: Wand              |       |       |     3 |     2 ||     5
  Use: Scroll            |     2 |     5 |     5 |     6 ||    18
       Potion            |       |     1 |     4 |     1 ||     6
 Stab: Sleeping          |     1 |     2 |     1 |       ||     4
       Paralysed         |       |       |     2 |     3 ||     5
       Invisible         |       |       |     1 |       ||     1
  Eat: Chunk             |     3 |     8 |    19 |     7 ||    37
       Ration            |       |       |       |     1 ||     1
Armor: Robe              |    29 |    82 |    82 |    44 ||   237
Dodge: Dodged            |    76 |   154 |   196 |    92 ||   518

Table legend:
 A = Non-vault XP
 B = Vault XP
 C = Vault XP percentage of total XP
 D = Non-vault monster count
 E = Vault monster count
 F = Vault count percentage of total count
                 A         B        C        D         E       F
            +---------+---------+-------+---------+---------+-------
      Total |    5814 |     957 |  14.1 |     196 |      16 |   7.5
            +---------+---------+-------+---------+---------+-------
        D:1 |      37 |       0 |   0.0 |      21 |       0 |   0.0
        D:2 |      37 |      29 |  43.9 |      15 |       8 |  34.8
        D:3 |      77 |      75 |  49.3 |      30 |       2 |   6.2
        D:4 |     384 |     199 |  34.1 |      16 |       2 |  11.1
        D:5 |     660 |       0 |   0.0 |      18 |       0 |   0.0
        D:6 |    1423 |     536 |  27.4 |      24 |       3 |  11.1
        D:7 |    1548 |       0 |   0.0 |      37 |       0 |   0.0
        D:8 |    1002 |     118 |  10.5 |      20 |       1 |   4.8
        D:9 |     646 |       0 |   0.0 |      15 |       0 |   0.0
            +---------+---------+-------+---------+---------+-------
